 Dungeon Crawl Stone Soup version 0.27-a0-577-ge2a43ba0c9 (webtiles) character file.

Game seed: 9640294719348014225

158 tibo the Skirmisher (level 5, -1/47 HPs)
             Began as a Ghoul Gladiator on Mar 9, 2021.
             Killed from afar by Natasha (4 damage)
             ... with a magic dart
             ... on level 2 of the Dungeon.
             The game lasted 00:05:03 (2397 turns).

tibo the Skirmisher (Ghoul Gladiator)               Turns: 2397, Time: 00:05:03

Health: -1/47      AC:  8    Str: 16 (19) XL:     5   Next: 40%
Magic:  4/4        EV: 11    Int:  0 (3)  God:
Gold:   118        SH:  0    Dex:  9 (10) Spells: 4/4 levels left

rFire    . . .     SeeInvis .     - Unarmed
rCold    + . .     Faith    .   (no shield)
rNeg     + + +     Spirit   .   i - +0 ring mail
rPois    ∞         Reflect  .   b - +0 helmet
rElec    .         Harm     .   (no cloak)
rCorr    .         Rampage  .   m - +1 pair of gloves
Will     .....                  (no boots)
Stlth    ..........             (no amulet)
HPRegen  0.00/turn              (no ring)
MPRegen  0.09/turn              (no ring)

@: mighty, attractive, slowed, lost intelligence, very slow
A: claws 1, cold resistance 1, negative energy resistance 3, inhibited
regeneration, torment resistance 2, unbreathing 1
a: no special abilities


You were on level 2 of the Dungeon.
You visited 1 branch of the dungeon, and saw 2 of its levels.

You collected 118 gold pieces.

Inventory:

Missiles
 c - 3 throwing nets (quivered)
Armour
 b - a +0 helmet (worn)
 i - a +0 ring mail (worn)
 m - a +1 pair of gloves (worn)
Jewellery
 g - a ring of ice
Scrolls
 h - a scroll of enchant armour
Potions
 n - 3 potions of attraction


   Skills:
 * Level 4.5 Fighting
 - Level 1.7 Throwing
 + Level 2.0 Armour
 - Level 2.6 Dodging
 + Level 4.2 Unarmed Combat


You had 4 spell levels left.
You didn't know any spells.
Your spell library was empty.

Dungeon Overview and Level Annotations

Branches:
Dungeon (2/15)

Altars:

Annotations:
D:2 Natasha


Innate Abilities, Weirdness & Mutations

You thrive by killing the living.
You are immune to poison.
You have sharp fingernails.
Your flesh is cold resistant. (rC+)
You are immune to negative energy. (rN+++)
You do not regenerate when monsters are visible.
You are immune to unholy pain and torment.
You can survive without breathing.


Message History

Natasha claws you but does no damage.
Natasha zaps a wand.
The puff of flame hits you!
* * * LOW HITPOINT WARNING * * *
It was a potion of attraction.
You feel attractive to monsters. Natasha barely misses you.
It was a potion of heal wounds.
You feel much better.
The shadow imp disappears in a puff of smoke!
Natasha barely misses you. Natasha closely misses you.
It was a potion of degeneration.
There was something very wrong with that liquid.
You feel weakened.
You feel dopey.
You have lost your intelligence.
You feel clumsy. Natasha claws you.
Natasha zaps a wand.
The puff of flame hits you.
* * * LOW HITPOINT WARNING * * *
Natasha claws you.
* * * LOW HITPOINT WARNING * * *
Natasha zaps a wand.
The puff of flame hits you.
* * * LOW HITPOINT WARNING * * *
The now-empty wand crumbles to dust.
You can move again.
Natasha claws you.
* * * LOW HITPOINT WARNING * * *
Natasha mumbles some strange words.
It was a potion of might.
You feel very mighty all of a sudden. Natasha barely misses you.
Okay, then.
You closely miss Natasha.
Natasha is moderately wounded.
Natasha closely misses you.
Natasha howls an incantation.
You feel disoriented. Natasha claws you but does no damage.
You closely miss Natasha.
Natasha is moderately wounded.
Natasha casts a spell at you. The magic dart hits you.
You die...

.....####### #.#..# #
.....####### #.#..# #
#..........#### #...)# #
#.............# ##...# #
#.............# #...# #
#.............#######..######
#
#.##+######...'.............#
# #.##.# #...########......#
# #....# #...#.@h5..'>.....#
# ###..# #...#.######......#
### .....# #...#.# #......#
#.. ####.# ##'##.# ########
#.# #.# #.##.# #.#
#.#######.##.# #.#
#.........##.# #.#
############.# #.# ### #.#
#.#


You could see Natasha and a crimson imp (summoned).

Vanquished Creatures
  Natasha (twice) (D:2)
  4 gnolls (D:2)
  2 adders (D:2)
  3 worms (D:2)
  A dart slug (D:2)
  A ball python (D:1)
  3 bats (D:1)
  A giant cockroach (D:1)
  5 goblins (D:1)
  4 hobgoblins
  8 jackals
  4 frilled lizards
  4 kobolds
  4 rats
46 creatures vanquished.

Notes
Turn   | Place    | Note
-------+----------+-------------------------------------------
     0 | D:1      | tibo the Ghoul Gladiator began the quest for the Orb.
     0 | D:1      | Reached XP level 1. HP: 17/17 MP: 0/0
   196 | D:1      | Reached XP level 2. HP: 21/25 MP: 1/1
   661 | D:1      | Reached XP level 3. HP: 28/31 MP: 2/2
   717 | D:1      | Reached skill level 1 in Armour
  1417 | D:2      | Noticed Natasha
  1424 | D:2      | Killed Natasha
  1425 | D:2      | Reached XP level 4. HP: 40/40 MP: 3/3
  1556 | D:2      | Noticed Natasha
  1568 | D:2      | Killed Natasha
  1819 | D:2      | Reached XP level 5. HP: 46/46 MP: 4/4
  1840 | D:2      | HP: 1/47 [gnoll/+0 spear (8)]
  2368 | D:2      | Noticed Natasha
  2386 | D:2      | HP: 1/47 [Natasha/puff of flame (8)]
  2389 | D:2      | Lost intelligence.
  2397 | D:2      | Killed from afar by Natasha

Illustrated notes

Levels and vault maps discovered:
D:1:      dpeg_arrival_castle, layout_loops_ring, minmay_stone_trees_small
D:2:      layout_basic, serial_glass, glass_columns_a, glass_columns_a,
          uniq_natasha

Skill      XL: |  1  2  3  4  5 |
---------------+----------------+-----
Fighting       | 3 4 |  4.5
Armour         | 1 2 |  2.0
Unarmed Combat | 4 |  4.2
Throwing       | |  1.7
Dodging        | |  2.6

Action                   |  1- 3 |  4- 6 || total
-------------------------+-------+-------++-------
Melee: Unarmed           |   116 |    77 ||   193
       Punch             |       |     1 ||     1
  Use: Potion            |       |     6 ||     6
       Scroll            |       |     5 ||     5
Armor: Leather armour    |    18 |       ||    18
       Ring mail         |    21 |    20 ||    41
Dodge: Dodged            |    77 |    37 ||   114

Table legend: (Time is in decaauts)
 A = Elapsed time spent in this place.
 B = Non-inter-level travel time spent in this place.
 C = Inter-level travel time spent in this place.
 D = Time resting spent in this place.
 E = Time spent auto-exploring this place.
 F = Levels seen in this place.
 G = Mean time per level.
                   A        B        C        D        E       F      G
               +--------+--------+--------+--------+--------+-----+--------+
         Total |   2403 |   2403 |      0 |      0 |   1938 |   2 | 1201.5 |
       Dungeon |   2403 |   2403 |      0 |      0 |   1938 |   2 | 1201.5 |
               +--------+--------+--------+--------+--------+-----+--------+

Top non-repeatable levels by time:
     D:2: 1426 daAuts
     D:1: 977 daAuts
